 Dungeon Crawl Stone Soup version 0.26-a0-1026-g544776af23 (webtiles) character file.

Game seed: 17093161665524318606

51 pablito the Covert (level 3, -7/35 HPs)
             Began as a Gnoll Delver on Dec 9, 2020.
             Killed by divine providence
             ... invoked by an orc priest
              (13 damage)
             ... on level 3 of the Dungeon.
             The game lasted 00:06:08 (1385 turns).

pablito the Covert (Gnoll Delver)                   Turns: 1385, Time: 00:06:09

Health: -7/35      AC:  9    Str: 14    XL:     3   Next: 81%
Magic:  4/4        EV: 13    Int: 13    God:
Gold:   45         SH:  0    Dex: 16    Spells: 4/4 levels left

rFire    + . .     SeeInvis .   a - +0 falchion
rCold    . . .     Faith    .   (no shield)
rNeg     . . .     Spirit   .   o - +4 ring mail
rPois    .         Reflect  .   (no helmet)
rElec    .         Harm     .   (no cloak)
rCorr    .         Rampage  .   (no gloves)
Will     .....                  (no boots)
Stlth    ++++......             (no amulet)
HPRegen  0.11/turn              l - ring of protection from fire
MPRegen  0.09/turn              (no ring)

@: no status effects
A: distributed training, fangs 1, strong nose
a: no special abilities


You were on level 3 of the Dungeon.
You visited 1 branch of the dungeon, and saw 3 of its levels.

You collected 45 gold pieces.

Inventory:

Hand Weapons
 a - a +0 falchion (weapon)
Missiles
 k - 26 bolts
Armour
 b - a +0 leather armour
 o - a +4 ring mail (worn)
Jewellery
 l - a ring of protection from fire (left hand)
Wands
 g - a wand of digging (2)
Scrolls
 c - a scroll of fog
 d - a scroll of magic mapping
 e - a scroll of fear
 h - a scroll of identify
 m - a scroll of enchant armour {unknown}
Potions
 j - a potion of berserk rage {unknown}
 n - a potion of heal wounds {unknown}


   Skills:
 + Level 6.5 Fighting
 + Level 1.0 Short Blades
 + Level 4.6 Long Blades
 + Level 1.0 Axes
 + Level 1.0 Maces & Flails
 + Level 1.0 Polearms
 + Level 1.0 Staves
 + Level 1.0 Slings
 + Level 1.0 Bows
 + Level 1.0 Crossbows
 + Level 1.0 Throwing
 + Level 1.0 Armour
 + Level 4.6 Dodging
 + Level 9.5 Stealth
 + Level 1.0 Shields
 + Level 1.0 Unarmed Combat
 + Level 1.0 Spellcasting
 + Level 0.7 Conjurations
 + Level 0.7 Hexes
 + Level 0.7 Summonings
 + Level 0.7 Necromancy
 + Level 0.7 Translocations
 + Level 0.7 Transmutations
 + Level 0.7 Fire Magic
 + Level 0.7 Ice Magic
 + Level 0.7 Air Magic
 + Level 0.7 Earth Magic
 + Level 0.7 Poison Magic
 + Level 1.0 Invocations
 + Level 1.0 Evocations


You had 4 spell levels left.
You didn't know any spells.
Your spell library was empty.

Dungeon Overview and Level Annotations

Branches:
Dungeon (5/15)
 Temple: D:4-7

Altars:
Ru

Annotations:
D:5 Edmund


Innate Abilities, Weirdness & Mutations

Your experience applies equally to all skills.
You have very sharp teeth.
Your uncanny sense of smell can sniff out nearby items.


Message History

Beogh smites you!
* * * LOW HITPOINT WARNING * * *
You feel yourself speed up.
Things that are here:
a +0 club; a rat corpse; a quokka corpse
There is an open door here.
There is a stone staircase leading down here.
An adder, a quokka and an ooze come into view.
Found 21 bolts.
An orc comes into view. It is wielding a +0 club.
The orc shouts! 3 orcs come into view.
Your extra speed is starting to run out.
An orc priest comes into view. It is wielding a +0 club.
You see here a robe.
The orc priest shouts!
The orc shouts! x2
You feel yourself slow down.
The orc priest mumbles some strange prayers to Beogh against you.
Beogh smites you!
You die...

....... #......
.......####......
...o...o[..r....>
.......r###......
#######o# ###'##' #o#
#.##) #o# #(##.
####.#########.# #.##.
.......@...o.#.#####.##.
.####.#####..o..........
# #.##.......##.
#.##.......##.
#.##.......##.
..##.......##.
..##.......##.
...##.......... ##.
..........


You could see an orc priest and an orc.

Vanquished Creatures
  An orc priest (D:4)
  An adder (D:5)
  3 orcs (D:4)
  A giant cockroach (D:3)
  A hobgoblin (D:3)
  A quokka (D:3)
  A frilled lizard (D:3)
  2 rats (D:3)
11 creatures vanquished.

Notes
Turn   | Place    | Note
-------+----------+-------------------------------------------
     0 | D:5      | Reached skill level 9 in Stealth
     0 | D:5      | pablito the Gnoll Delver began the quest for the Orb.
     0 | D:5      | Reached XP level 1. HP: 23/23 MP: 1/1
    24 | D:5      | Noticed Edmund
   165 | D:5      | Noticed a worker ant
   317 | D:5      | Reached XP level 2. HP: 16/29 MP: 2/2
   658 | D:4      | Reached skill level 1 in Invocations
   658 | D:4      | Reached XP level 3. HP: 4/35 MP: 2/4
  1115 | D:4      | Found a sacrificial altar of Ru.
  1288 | D:3      | Found a faded altar of an unknown god.
  1312 | D:3      | Reached skill level 1 in Short Blades
  1312 | D:3      | Reached skill level 1 in Axes
  1312 | D:3      | Reached skill level 1 in Maces & Flails
  1312 | D:3      | Reached skill level 1 in Polearms
  1312 | D:3      | Reached skill level 1 in Staves
  1312 | D:3      | Reached skill level 1 in Slings
  1312 | D:3      | Reached skill level 1 in Bows
  1312 | D:3      | Reached skill level 1 in Crossbows
  1312 | D:3      | Reached skill level 1 in Throwing
  1312 | D:3      | Reached skill level 1 in Armour
  1312 | D:3      | Reached skill level 1 in Shields
  1312 | D:3      | Reached skill level 1 in Unarmed Combat
  1312 | D:3      | Reached skill level 1 in Spellcasting
  1312 | D:3      | Reached skill level 1 in Evocations
  1329 | D:3      | HP: 1/35 [orc priest/divine providence (8)]
  1385 | D:3      | Killed from afar by an orc priest

Illustrated notes

Levels and vault maps discovered:
D:3:      layout_basic, general_overflow_altar,
          chequers_ecumenical_altar_island, uniq_natasha, uniq_terence,
          uniq_ijyb
D:4:      layout_basic, nicolae_ru_path_of_blood, serial_corexii_hall,
          chequers_hall_statues_y, corexii_hall_statues_u
D:5:      layout_basic, roderic_batcave, uniq_menkaure, uniq_edmund

Skill      XL: |  1  2  3 |
---------------+----------+-----
Stealth        | |  9.5
Invocations    | 1 |  1.0
Short Blades   | 1 |  1.0
Axes           | 1 |  1.0
Maces & Flails | 1 |  1.0
Polearms       | 1 |  1.0
Staves         | 1 |  1.0
Slings         | 1 |  1.0
Bows           | 1 |  1.0
Crossbows      | 1 |  1.0
Throwing       | 1 |  1.0
Armour         | 1 |  1.0
Shields        | 1 |  1.0
Unarmed Combat | 1 |  1.0
Spellcasting   | 1 |  1.0
Evocations     | 1 |  1.0
Fighting       | |  6.5
Long Blades    | |  4.6
Dodging        | |  4.6
Conjurations   | |  0.7
Hexes          | |  0.7
Summonings     | |  0.7
Necromancy     | |  0.7
Translocations | |  0.7
Transmutations | |  0.7
Fire Magic     | |  0.7
Ice Magic      | |  0.7
Air Magic      | |  0.7
Earth Magic    | |  0.7
Poison Magic   | |  0.7

Action                   || total
-------------------------++-------
Melee: Falchion          ||    65
       Bite              ||     6
Evoke: Wand              ||     1
  Use: Scroll            ||     2
       Potion            ||     1
 Stab: Distracted        ||     1
       Sleeping          ||     3
Armor: Leather armour    ||     4
       Ring mail         ||     9
Dodge: Dodged            ||    40
       Rpst.: Falchion   ||    11

Table legend: (Time is in decaauts)
 A = Elapsed time spent in this place.
 B = Non-inter-level travel time spent in this place.
 C = Inter-level travel time spent in this place.
 D = Time resting spent in this place.
 E = Time spent auto-exploring this place.
 F = Levels seen in this place.
 G = Mean time per level.
                   A        B        C        D        E       F      G
               +--------+--------+--------+--------+--------+-----+--------+
         Total |   1375 |   1375 |      0 |    597 |     59 |   3 |  458.3 |
       Dungeon |   1375 |   1375 |      0 |    597 |     59 |   3 |  458.3 |
               +--------+--------+--------+--------+--------+-----+--------+

Top non-repeatable levels by time:
     D:4: 663 daAuts
     D:5: 536 daAuts
     D:3: 176 daAuts
